 Seeded DCSS version 0.30.0-15-g856e2d3f33 (webtiles) character file.

Game seed: 12313957341574335675 (custom seed)

6333 Pimp the Zephyrmancer (level 10, 0/60 HPs)
             Began as a Tengu Air Elementalist on May 17, 2023.
             Was a Priest of Sif Muna.
             Slain by a sixfirhy (3 damage)
             ... summoned by a kobold demonologist
             ... on level 9 of the Dungeon on May 18, 2023.
             The game lasted 00:38:50 (10608 turns).

Pimp the Zephyrmancer (Tengu Air Elementalist)     Turns: 10608, Time: 00:38:51

Health: 0/60       AC:  2    Str:  7    XL:     10   Next: 96%
Magic:  20/26      EV: 19    Int: 21    God:    Sif Muna [***...]
Gold:   498        SH:  0    Dex: 17    Spells: 9/21 levels left

rFire   . . .        d - staff of air
rCold   . . .        (no shield)
rNeg    . . .        a - +0 robe
rPois   .            (helmet restricted)
rElec   +            (no cloak)
rCorr   +            (no gloves)
SInv    .            (boots unavailable)
Will    +....        l
                       - Hermit's Pendant {Faith Invo=14 Evo=0 MP+5}
Stlth   ++           x - ring of willpower
HPRegen 0.30/turn    B - ring of resist corrosion
MPRegen 0.20/turn

%: faith
@: flying quickly and evasively, hasted, very quick
A: beak, talons 3, nimble flight, clever 1, screaming 1, sturdy frame 1
a: Renounce Religion, Channel Magic, Forget Spell


You were on level 9 of the Dungeon.
You worshipped Sif Muna.
Sif Muna was most pleased with you.
You visited 2 branches of the dungeon, and saw 10 of its levels.

You collected 498 gold pieces.

Inventory:

Hand Weapons
 n - a +2 shortbow of flaming
 H - the +5 flail of the Warrior-Mage {drain, rElec rPois rCorr Dex-4}
   (You found it on level 9 of the Dungeon)

   Dex:       It affects your dexterity (-4).
   rElec:     It insulates you from electricity.
   rPois:     It protects you from poison.
   rCorr:     It protects you from acid and corrosion.
Missiles
 C - 2 throwing nets
Armour
 a - a +0 robe (worn)
 k - a +1 ring mail
 o - a +0 ring mail
Magical Staves
 d - a staff of air (weapon)
Jewellery
 c - an amulet of faith
 l - the Hermit's Pendant (around neck) {Faith Invo=14 Evo=0 MP+5}
   (You found it on level 6 of the Dungeon)

   [amulet of faith]

   Invo=14: It sets your Invocations skill to 14.
   Evo=0: It sets your Evocations skill to 0.
   It allows you to gain divine favour quickly.
   MP:        It affects your magic capacity (+5).
 x - a ring of willpower (left hand)
 B - a ring of resist corrosion (right hand)
 F - a ring of willpower
Wands
 m - a wand of digging (4)
 p - a wand of flame (15)
 w - a wand of charming (5)
Scrolls
 e - 5 scrolls of teleportation
 h - 2 scrolls of blinking
 t - 4 scrolls of amnesia
 u - 2 scrolls of immolation
 y - a scroll of enchant armour
 z - 2 scrolls of brand weapon
 A - 2 scrolls of enchant weapon
 D - 6 scrolls of identify
Potions
 b - a potion of magic
 f - 2 potions of mutation
 g - 2 potions of degeneration
 i - a potion of flight {unknown}
 j - a potion of cancellation {unknown}
 q - 2 potions of curing {unknown}
 r - 2 potions of brilliance
 s - a potion of ambrosia {unknown}
 v - a potion of invisibility


   Skills:
 + Level 5.9 Fighting
 * Level 8.7 Armour
 + Level 7.1 Dodging
 - Level 3.3 Stealth
 + Level 6.1 Spellcasting
 + Level 8.1 Conjurations
 + Level 9.1 Air Magic


You had 9 spell levels left.
You knew the following spells:

 Your Spells              Type           Power      Damage    Failure   Level
a - Shock                 Conj/Air       100%       1d9       1%          1
b - Static Discharge      Conj/Air       100%       2-7/arc   1%          2
c - Airstrike             Air            30%        2d(5-21)  2%          4
d - Swiftness             Air            61%        N/A       1%          3
e - Lesser Beckoning      Tloc           12%        N/A       14%         2

Your spell library contained the following spells:

 Spells                   Type           Power      Damage    Failure   Level
 Cigotuvi's Dreadful Rot  Necr/Pois/Air  56%        N/A       4%          2
 Freezing Cloud           Conj/Ice/Air   23%        6-21      26%         5
 Gell's Gravitas          Tloc           6%         N/A       28%         3
 Ignite Poison            Fire/Tmut/Pois 6%         N/A       28%         3
 Teleport Other           Tloc           6%         N/A       28%         3


Dungeon Overview and Level Annotations

Branches:
Dungeon (9/15)             Temple (1/1) D:4
   Lair: D:8-11         Orc: D:9-12

Altars:
Ashenzari
Cheibriados
Dithmenos
Elyvilon
Fedhas
Gozag
Hepliaklqana
Kikubaaqudgha
Makhleb
Nemelex Xobeh
Okawaru
Qazlal
Ru
Sif Muna
Trog
Uskayaw
Vehumet
Wu Jian
Xom
Yredelemnul
Zin
The Shining One
Lugonu

Shops:
D:7 *

Annotations:
D:5 2 transporters
D:8 2 transporters


Innate Abilities, Weirdness & Mutations

You have a beak for a mouth.
You have claws for feet.
Your magical nature lets you fly swiftly and evasively.
Your mind is acute. (Int +4, Str/Dex -1)
You occasionally shout uncontrollably at your foes.
Your movements are slightly less encumbered by armour. (ER -2)


Message History

The kobold demonologist is severely wounded.
The zap hits the white imp.
The white imp is moderately wounded.
The white imp lashes its tail.
The sixfirhy barely misses you.
Aiming: Shock (safe; 1% risk of failure)
Press: ? - help, Q - select action, (/) - cycle Shift-Dir - straight line, f - orc, p - kobold demonologist
Aim: an orc, wielding a +0 short sword (74% to hit)
You feel a surge of power!
The zap hits the sixfirhy.
The sixfirhy completely resists.
The zap misses the kobold demonologist.
The zap hits the orc priest!
The orc priest is heavily wounded.
The zap hits the orc.
The orc is severely wounded.
The sixfirhy barely misses you. The sixfirhy completely misses you.
The sixfirhy hits you. The sixfirhy shocks you. You resist.
The kobold demonologist gestures wildly while chanting.
An orc comes into view. It is wielding a +0 hand axe.
The sixfirhy completely misses you.
Unknown command.
Casting: Shock (safe; 1% risk of failure)
Confirm with . or Enter, or press ? or * to list all spells.
You feel a surge of power!
The shadow imp is struck by an arc of lightning!
The shadow imp is severely wounded.
You resist.
You are struck by an arc of lightning.
The orc shouts!
The sixfirhy hits you! The sixfirhy shocks you. You resist.
The sixfirhy hits you!
* * * LOW HITPOINT WARNING * * *
The sixfirhy shocks you. You resist.
* * * LOW HITPOINT WARNING * * *
The sixfirhy completely misses you.
The kobold demonologist casts a spell.
The shadow imp misses you.
You feel yourself speed up. The sixfirhy misses you. The sixfirhy hits you!
* * * LOW HITPOINT WARNING * * *
The sixfirhy shocks you. You resist.
You die... ...... ....o .... . ####### .oo

###.. ....... 5.
...... #######
.##3.... ....#
#####K..# ....#
#########.....######
..).#
#.........@35....^..#
#.###
#.######..#########.#
....# #.# ###..##
..#.# #.# #...##
..#.# #.# #.###
..#.###.###.#
###..#......#
##.#..##### ####....#
####


You could see a sun demon (summoned), a kobold demonologist, a sixfirhy
(summoned) and a shadow imp (summoned).

Vanquished Creatures
  Pikel (D:7)
  Joseph (D:7)
  Grinder (D:3)
  Sigmund (D:2)
  A wyvern (D:9)
  15 yaks
  A vampire mosquito (D:6)
  A steam dragon (D:6)
  Menkaure (D:7)
  2 water moccasins (D:8)
  An acid dragon (D:9)
  An ice beast (D:8)
  A centaur (D:9)
  2 lemures (D:7)
  3 phantoms
  A kobold brigand (D:9)
  2 scorpions (D:5)
  4 bullfrogs
  A gnoll sergeant (D:8)
  5 wights (D:9)
  2 howler monkeys
  4 hounds
  2 gnoll boudas
  An orc priest (D:5)
  3 jellies
  Jessica (D:3)
  8 orc wizards
  Natasha (thrice) (D:3)
  Terence (D:2)
  2 iguanas
  Robin (D:2)
  9 adders
  12 gnolls
  A shadow imp (D:7)
  2 ufetubi (D:5)
  A worm (D:5)
  3 dart slugs
  24 orcs
  4 bats
  8 endoplasms
  5 giant cockroaches
  13 goblins
  5 hobgoblins
  11 jackals
  10 kobolds
  A quokka (D:1)
  9 ball pythons
  6 frilled lizards
  3 rats
201 creatures vanquished.

Notes
Turn   | Place    | Note
-------+----------+-------------------------------------------
     0 | D:1      | Pimp the Tengu Air Elementalist began the quest for the
                  | Orb.
     0 | D:1      | Reached XP level 1. HP: 10/10 MP: 4/4
   139 | D:1      | Reached XP level 2. HP: 15/15 MP: 1/6
   768 | D:1      | Reached XP level 3. HP: 20/20 MP: 2/7
   890 | D:1      | Learned a level 2 spell: Static Discharge
   931 | D:2      | Noticed Sigmund
   947 | D:2      | Killed Sigmund
   948 | D:2      | Reached skill level 1 in Fighting
   948 | D:2      | Reached XP level 4. HP: 13/26 MP: 0/9
   948 | D:2      | Gained mutation: Your magical nature lets you fly swiftly
                  | and evasively. [Tengu growth]
   948 | D:2      | Reached XP level 5. HP: 15/30 MP: 0/10
  1086 | D:2      | Noticed Terence
  1098 | D:2      | Reached skill level 5 in Air Magic
  1147 | D:2      | Killed Terence
  1486 | D:2      | Noticed Robin
  1492 | D:2      | Reached XP level 6. HP: 35/35 MP: 5/11
  1498 | D:2      | Killed Robin
  2196 | D:3      | Noticed Natasha
  2202 | D:3      | Killed Natasha
  2261 | D:3      | Noticed Grinder
  2285 | D:3      | Learned a level 4 spell: Airstrike
  2286 | D:3      | Gained mutation: Your movements are slightly less
                  | encumbered by armour. (ER -2) [potion of mutation]
  2286 | D:3      | Gained mutation: You occasionally shout uncontrollably at
                  | your foes. [potion of mutation]
  2286 | D:3      | Gained mutation: Your mind is acute. (Int +4, Str/Dex -1)
                  | [potion of mutation]
  2298 | D:3      | Paralysed by Grinder for 2 turns
  2304 | D:3      | Killed Grinder
  2305 | D:3      | Reached XP level 7. HP: 28/40 MP: 1/12
  2470 | D:3      | Noticed Natasha
  2472 | D:3      | Upgraded the game from 0.30.0-13-g156ef70053 to
                  | 0.30.0-15-g856e2d3f33
  2476 | D:3      | Killed Natasha
  2636 | D:3      | Noticed Jessica
  2640 | D:3      | Killed Jessica
  2752 | D:3      | Noticed Natasha
  2757 | D:3      | Killed Natasha
  3212 | D:4      | Found a staircase to the Ecumenical Temple.
  3219 | Temple   | Entered the Ecumenical Temple
  3320 | Temple   | Became a worshipper of Sif Muna the Loreminder
  4196 | D:4      | Found a shadowy altar of Dithmenos.
  4199 | D:4      | Found a radiant altar of Vehumet.
  4206 | D:4      | Found a shimmering altar of Xom.
  4254 | D:5      | Entered Level 5 of the Dungeon
  4637 | D:5      | Found a transporter.
  4688 | D:5      | Reached skill level 6 in Air Magic
  4688 | D:5      | Reached XP level 8. HP: 46/46 MP: 4/14
  4965 | D:5      | Found a transporter.
  5256 | D:6      | Reached * piety under Sif Muna
  5514 | D:6      | Reached skill level 5 in Conjurations
  6394 | D:6      | Found a faded altar of an unknown god.
  6394 | D:6      | Found the Hermit's Pendant {Faith Invo=14 Evo=0 MP+5}
  6400 | D:6      | Reached skill level 5 in Armour
  6400 | D:6      | Reached skill level 5 in Dodging
  6629 | D:7      | Reached skill level 7 in Air Magic
  6629 | D:7      | Reached XP level 9. HP: 52/52 MP: 20/20
  6679 | D:7      | Noticed Joseph
  6693 | D:7      | Killed Joseph
  6952 | D:7      | Noticed Pikel
  6990 | D:7      | Killed Pikel
  7127 | D:7      | Found Nogan's CLEARANCE SALE!.
  7222 | D:7      | Learned a level 3 spell: Swiftness
  7313 | D:7      | Noticed Menkaure
  7319 | D:7      | Killed Menkaure
  7576 | D:7      | Reached skill level 5 in Spellcasting
  7936 | D:8      | Reached ** piety under Sif Muna
  8300 | D:8      | Reached skill level 8 in Air Magic
  8437 | D:8      | Noticed a white ugly thing
  8442 | D:8      | Noticed a cyan ugly thing
  8445 | D:8      | Reached XP level 10. HP: 58/58 MP: 20/21
  8445 | D:8      | Noticed a cyan ugly thing
  8508 | D:8      | Reached skill level 5 in Fighting
  9057 | D:8      | Found a transporter.
  9062 | D:8      | Found a transporter.
  9062 | D:8      | Found a corrupted altar of Lugonu.
  9260 | D:9      | HP: 2/59 [centaur/arrow (9)]
  9460 | D:9      | Learned a level 2 spell: Lesser Beckoning
  9787 | D:9      | Identified the +5 flail of the Warrior-Mage {drain, rElec
                  | rPois rCorr Dex-4}
  9821 | D:9      | Reached *** piety under Sif Muna
 10148 | D:9      | Reached skill level 9 in Air Magic
 10597 | D:9      | Noticed a kobold demonologist
 10602 | D:9      | Noticed a sixfirhy
 10606 | D:9      | Noticed a sun demon
 10608 | D:9      | HP: 3/60 [sixfirhy[a kobold demonologist] (9)]
 10608 | D:9      | Slain by a sixfirhy

Illustrated notes

Levels and vault maps discovered:
D:1:      scummos_arrival_forest, layout_rooms
D:2:      layout_basic, uniq_robin, uniq_sigmund, uniq_terence
D:3:      layout_loops_ring, uniq_natasha, uniq_grinder, uniq_jessica
D:4:      layout_loops_ring, grunt_temple_overflow_diamond,
          minmay_temple_entry_junction_2, corner_web_ring,
          kennysheep_generic_room_8
D:5:      gammafunk_wand_slinger, layout_rooms, minmay_misc_feat_enclosed
D:6:      layout_loops_ring, serial_bayou_lagoon_a,
          hellmonk_guarded_unrand_hermit
D:7:      layout_loops_ring, nicolae_shop_clearance, uniq_menkaure, uniq_joseph,
          uniq_pikel
D:8:      gammafunk_corrupted_shrine, layout_loops_corners
D:9:      layout_basic
Temple:   compressed_dpeg_triangle_lava_temple

Skill      XL: |  1  2  3  4  5  6  7  8  9 10 |
---------------+-------------------------------+-----
Fighting       | 1 2 3 4 5 |  5.9
Dodging        | 3 4 5 6 7 |  7.1
Stealth        | 3 |  3.3
Conjurations   | 2 3 4 5 6 8 |  8.1
Air Magic      | 5 6 7 8 9 |  9.1
Spellcasting   | 3 4 5 6 |  6.1
Armour         | 2 3 5 7 8 |  8.7

Action                     |  1- 3 |  4- 6 |  7- 9 | 10-12 || total
---------------------------+-------+-------+-------+-------++-------
  Melee: Staff             |    12 |    16 |    44 |    16 ||    88
         Peck              |     4 |     6 |    12 |       ||    22
         Kick              |     3 |     3 |    15 |     8 ||    29
         Punch             |       |       |     1 |       ||     1
   Cast: Shock             |    36 |    28 |   162 |    60 ||   286
         Static Discharge  |     2 |    14 |    93 |    66 ||   175
         Swiftness         |       |       |       |     1 ||     1
    Use: Scroll            |     4 |     2 |     8 |     2 ||    16
         Potion            |     1 |     1 |     4 |     2 ||     8
   Stab: Sleeping          |       |     3 |     3 |       ||     6
 Armour: Robe              |     3 |     3 |    10 |     5 ||    21
  Dodge: Dodged            |    13 |    21 |   141 |    69 ||   244
